 Dungeon Crawl Stone Soup version 0.31.0-11-ge490571c62 (webtiles) character file.

Game seed: 1610533040933156173

305 oldriver the Trooper (level 6, -7/40 HPs)
             Began as a Gargoyle Fighter on Jan 27, 2024.
             Was a Believer of Zin.
             Mangled by Duvessa
             ... wielding a +2 short sword of electrocution
              (11 damage)
             ... on level 4 of the Dungeon.
             The game lasted 00:04:10 (2723 turns).

oldriver the Trooper (Gargoyle Fighter)             Turns: 2723, Time: 00:04:11

Health: -7/40      AC: 13    Str: 22    XL:     6   Next: 39%
Magic:  7/7        EV:  9    Int:  8    God:    Zin [**....]
Gold:   160        SH:  4    Dex:  9    Spells: 5/5 levels left

rFire   . . .        a - +0 war axe
rCold   . . .        c - +0 buckler
rNeg    + + .        b - +0 scale mail
rPois   ∞            y - +0 helmet
rElec   +            (no cloak)
rCorr   .            h - +0 pair of gloves
SInv    +            (no boots)
Will    .....        (no amulet) Stlth
                     w - ring of see invisible
HPRegen 0.26/turn    r - ring of positive energy
MPRegen 0.10/turn

%: no passive effects
@: mighty, on recite cooldown
A: sickness immunity, AC +4, negative energy resistance 1, electricity
resistance, torment resistance 1, petrification resistance
a: Renounce Religion, Recite, Vitalisation, Donate Gold


You were on level 4 of the Dungeon.
You worshipped Zin.
Zin was pleased with you.
You visited 1 branch of the dungeon, and saw 4 of its levels.

You collected 177 gold pieces.
You donated 17 gold pieces to Zin.

Inventory:

Hand Weapons
 a - a +0 war axe (weapon)
Missiles
 j - 6 javelins
Armour
 b - a +0 scale mail (worn)
 c - a +0 buckler (worn)
 h - a +0 pair of gloves (worn)
 y - a +0 helmet (worn)
Jewellery
 r - a ring of positive energy (right hand)
 w - a ring of see invisible (left hand)
 A - a ring of protection from cold
Scrolls
 e - a scroll of butterflies {unknown}
 f - 3 scrolls of fear {unknown}
 g - a scroll of poison {unknown}
 i - 2 scrolls of teleportation {unknown}
 m - a scroll of torment {unknown}
 p - 2 scrolls of enchant weapon {unknown}
 q - a scroll of enchant armour {unknown}
 s - a scroll of revelation {unknown}
 u - 5 scrolls of identify {unknown}
 x - a scroll of brand weapon {unknown}
 z - a scroll of silence {unknown}
Potions
 d - 3 potions of might
 k - a potion of brilliance {unknown}
 l - a potion of enlightenment {unknown}
 n - a potion of attraction {unknown}
 o - 2 potions of curing {unknown}
 t - a potion of lignification {unknown}
 v - a potion of invisibility {unknown}


   Skills:
 + Level 4.9 Fighting
 * Level 4.7 Axes
 - Level 3.2 Armour
 - Level 3.2 Shields
 + Level 1.9 Invocations


You had 5 spell levels left.
You didn't know any spells.
Your spell library contained the following spells:

 Spells                   Type           Power      Damage    Failure   Level
 Lesser Beckoning         Tloc           0%         N/A       91%         2
 Gell's Gravitas          Tloc           0%         N/A       99%         3
 Teleport Other           Tloc           0%         N/A       99%         3


Dungeon Overview and Level Annotations

Branches:
Dungeon (4/15)
 Temple: D:4-7

Altars:
Elyvilon
Ru
Trog
Vehumet
Zin

Annotations:
D:4 Duvessa


Innate Abilities, Weirdness & Mutations

You are immune to sickness and miasma.
Your stone body is resilient. (AC +4)
You are immune to poison.
You resist negative energy. (rN+)
You are resistant to electric shocks. (rElec)
You are resistant to unholy torment.
You are immune to petrification.


Message History

You hear a shout!
Dowan says, "Magic and the sword, together, will defeat you."
You feel very mighty all of a sudden. "...in due time, for belief is what Zin has declared..."
Duvessa is dazed by your recitation.
Duvessa is lost in a daze.
A kobold comes into view. It is wielding a +0 whip.
You slash Duvessa!
Duvessa is moderately wounded.
You slash Dowan! "...the law of the land, and Zin's word is law!"
The kobold is dazed by your recitation.
You finish reciting Apostates 12:72. "In fire!
In pain!"
Duvessa hits you but does no damage. Dowan hits you but does no damage.
Duvessa is lost in a daze.
You slash Duvessa!
Duvessa is heavily wounded.
You hit Dowan.
Duvessa is lost in a daze.
Dowan hits you but does no damage.
Duvessa hits you with a +2 short sword of electrocution.
Dowan hits you but does no damage.
Unknown command.
You barely miss Duvessa.
Duvessa is heavily wounded.
You slash Dowan!
You kill Dowan!
Duvessa screams, "No!
How DARE you!"
Duvessa goes berserk!
Duvessa closely misses you.
The kobold is lost in a daze.
Duvessa hits you with a +2 short sword of electrocution!!
Ouch! That really hurt!
You barely miss Duvessa.
Duvessa is heavily wounded.
Duvessa barely misses you.
Duvessa hits you with a +2 short sword of electrocution!
* * * LOW HITPOINT WARNING * * *
Unknown command.
Okay, then.
Okay, then.
You hit Duvessa.
Duvessa is heavily wounded.
Duvessa hits you with a +2 short sword of electrocution!
You die...

#...........#..
#......#...........'..
#......#...........#..
#......#...........#..
#......#...........###
#...K..#..............
##.....#.....######...
#...)e.#.....# #...
#....@.#.....# #...
...#.....#.....# #...
#.....#.....# #...
#.....'.....# #...
#.....#.....# #...
#.....#.....# #...
#.....#.....# #...
############# #...
#...


You could see Duvessa (berserk, fast, dazed) and a kobold (dazed).

Vanquished Creatures
  An ogre (D:4)
  Dowan (D:4)
  7 adders
  A white imp (D:3)
  A ribbon worm (D:2)
  3 dart slugs
  4 orcs (D:3)
  9 ball pythons
  6 endoplasms
  A giant cockroach (D:3)
  5 goblins
  8 hobgoblins
  8 jackals
  4 quokkas
  7 bats
  2 frilled lizards
  10 kobolds
  2 rats
80 creatures vanquished.

Notes
Turn   | Place    | Note
-------+----------+-------------------------------------------
     0 | D:1      | oldriver the Gargoyle Fighter began the quest for the Orb.
     0 | D:1      | Reached XP level 1. HP: 14/14 MP: 1/1
   110 | D:1      | Reached XP level 2. HP: 18/19 MP: 2/2
   594 | D:1      | Reached XP level 3. HP: 24/24 MP: 3/3
  1012 | D:2      | Reached XP level 4. HP: 29/29 MP: 4/4
  1046 | D:2      | Found a sacrificial altar of Ru.
  1191 | D:2      | Found a faded altar of an unknown god.
  1644 | D:2      | Prayed at the altar of an unknown god.
  1644 | D:2      | Became a worshipper of Zin the Law-Giver
  1644 | D:2      | Reached * piety under Zin
  1751 | D:3      | Identified the +8 rapier of Ynnaja {freeze, rF+ rC+ MP+9}
  1811 | D:3      | Reached ** piety under Zin
  1822 | D:3      | Found a bloodstained altar of Trog.
  1831 | D:3      | Found a radiant altar of Vehumet.
  1979 | D:3      | Reached XP level 5. HP: 34/34 MP: 5/5
  2198 | D:3      | Found a white marble altar of Elyvilon.
  2387 | D:4      | Noticed an ogre
  2393 | D:4      | Killed an ogre
  2394 | D:4      | Reached skill level 1 in Invocations
  2500 | D:4      | Reached XP level 6. HP: 39/39 MP: 7/7
  2713 | D:4      | Noticed Dowan
  2714 | D:4      | Noticed Duvessa
  2721 | D:4      | Killed Dowan
  2723 | D:4      | Mangled by Duvessa

Illustrated notes

Levels and vault maps discovered:
D:1:      evilmike_arrival_crescent, layout_loops_cross, st_stairs_4,
          minmay_misc_feat_iff
D:2:      layout_loops_ring, basic_altar, shapermc_ecumenical_altar_ellora
D:3:      layout_rooms, elyvilon_altar_5, mainiacjoe_overflow_swirl,
          chequers_serial_rivers_micro_c
D:4:      layout_gridville, chequers_serial_rivers_room_b, uniq_duvessa

Skill      XL: |  1  2  3  4  5 |
---------------+----------------+-----
Axes           | 2 3 4 |  4.7
Fighting       | 4 |  4.9
Invocations    | 1 |  1.9
Armour         | |  3.2
Shields        | |  3.2

Action                     |  1- 3 |  4- 6 || total
---------------------------+-------+-------++-------
  Melee: War axe           |   115 |   198 ||   313
 Invoke: Recite            |       |     3 ||     3
    Use: Potion            |       |     1 ||     1
 Armour: Scale mail        |   114 |   147 ||   261
  Dodge: Dodged            |    69 |    91 ||   160
  Block: Buckler           |    39 |    31 ||    70
